 Dungeon Crawl Stone Soup version 0.28-b1-25-g9875b3fc8c (webtiles) character file.

Game seed: 5830376173167513741

56 mopl the Slasher (level 3, -2/29 HPs)
             Began as a Merfolk Fighter on Feb 7, 2022.
             Slain by a gnoll (5 damage)
             ... on level 2 of the Dungeon.
             The game lasted 00:01:38 (1121 turns).

mopl the Slasher (Merfolk Fighter)                  Turns: 1121, Time: 00:01:38

Health: -2/29      AC:  8    Str: 18    XL:     3   Next: 97%
Magic:  3/3        EV:  6    Int:  7    God:
Gold:   69         SH:  4    Dex: 13    Spells: 2/2 levels left

rFire   . . .      SeeInvis .   a - +0 long sword
rCold   . . .      Faith    .   c - +0 buckler
rNeg    . . .      Spirit   .   k - +0 chain mail
rPois   .          Reflect  .   (no helmet)
rElec   .          Harm     .   (no cloak)
rCorr   +          Rampage  .   (no gloves)
Will    .....                   (no boots)
Stlth   ..........              (no amulet)
HPRegen 0.09/turn               f - ring of resist corrosion
MPRegen 0.08/turn               g - ring of flight

@: flying
A: (nimble swimmer 2), mertail
a: no special abilities


You were on level 2 of the Dungeon.
You visited 1 branch of the dungeon, and saw 2 of its levels.

You collected 69 gold pieces.

Inventory:

Hand Weapons
 a - a +0 long sword (weapon)
Armour
 c - a +0 buckler (worn)
 k - a +0 chain mail (worn)
Jewellery
 f - a ring of resist corrosion (left hand)
 g - a ring of flight (right hand)
Scrolls
 b - 2 scrolls of immolation {unknown}
 h - a scroll of vulnerability {unknown}
 i - a scroll of fear {unknown}
 j - 2 scrolls of identify {unknown}
 l - a scroll of torment {unknown}
Potions
 d - a potion of might
 e - a potion of resistance {unknown}


   Skills:
 - Level 3.2 Fighting
 + Level 4.5 Long Blades
 - Level 2.1 Armour
 - Level 3.0 Shields


You had 2 spell levels left.
You didn't know any spells.
Your spell library contained the following spells:

 Spells                   Type           Power      Damage    Failure   Level
 Summon Small Mammal      Summ           0%         N/A       100%        1
 Call Canine Familiar     Summ           0%         N/A       100%        3
 Summon Guardian Golem    Hex/Summ       0%         N/A       100%        3


Dungeon Overview and Level Annotations

Branches:
Dungeon (2/15)

Altars:


Innate Abilities, Weirdness & Mutations

((You are very nimble when in or above water. (Stealth+, EV+, Speed+++)))
Your lower body shifts to a powerful aquatic tail in water.


Message History

You hit the gnoll.
You kill the gnoll!
The kobold throws an atropa-tipped dart.
You block the atropa-tipped dart. You block the kobold's attack.
The gnoll hits you but does no damage.
You slash the kobold!
You kill the kobold!
You block the gnoll's attack. The gnoll hits you with a +0 spear.
You barely miss the gnoll. The gnoll hits you with a +0 spear.
You hit the gnoll.
The gnoll is lightly wounded.
The gnoll hits you but does no damage. The gnoll closely misses you.
You hit the gnoll but do no damage.
The gnoll is lightly wounded.
The gnoll hits you with a +0 spear.
* * * LOW HITPOINT WARNING * * *
You slash the gnoll!
The gnoll is severely wounded.
The gnoll closely misses you.
You closely miss the gnoll.
The gnoll is severely wounded.
You block the gnoll's attack.
You hit the gnoll.
The gnoll is almost dead.
The gnoll barely misses you. The gnoll completely misses you.
You hit the gnoll but do no damage.
The gnoll is almost dead.
The gnoll barely misses you.
You barely miss the gnoll.
The gnoll is almost dead.
The gnoll hits you with a +0 spear.
* * * LOW HITPOINT WARNING * * *
You closely miss the gnoll.
The gnoll is almost dead.
You block the gnoll's attack.
You closely miss the gnoll.
The gnoll is almost dead.
The gnoll hits you with a +0 spear.
You die...

##############.#### #............
...........†......#####.#.......#
.............#.##..####.#.......#
.................................
.....#######.#.###..###.#........
..... #.#.# ##.###.#........
..... #.#.# #..##.####+##.# .....
#.#.#####.##.####.# .# .....
#.#..@gggg........# # .....
########.#.####.# .....
..........#.##.#... ....
#######...#........ ..#
######...#.#...... ..#
#.....K.g#.#...... ..#
#.......g..#...gg. ..#
#..........#...g.. ..#
#..........#.g.g..


You could see 3 gnolls and a hobgoblin.

Vanquished Creatures
  An adder (D:2)
  A gnoll (D:2)
  2 endoplasms
  4 giant cockroaches
  4 goblins (D:1)
  3 hobgoblins
  2 quokkas
  2 ball pythons (D:1)
  3 bats
  5 frilled lizards
  4 kobolds
  6 rats
37 creatures vanquished.

Notes
Turn   | Place    | Note
-------+----------+-------------------------------------------
     0 | D:1      | mopl the Merfolk Fighter began the quest for the Orb.
     0 | D:1      | Reached XP level 1. HP: 18/18 MP: 1/1
   144 | D:1      | Reached XP level 2. HP: 18/24 MP: 2/2
   151 | D:1      | Reached skill level 3 in Long Blades
   591 | D:1      | Reached XP level 3. HP: 29/29 MP: 3/3
   674 | D:2      | Reached skill level 4 in Long Blades
  1121 | D:2      | Slain by a gnoll

Illustrated notes

Levels and vault maps discovered:
D:1:      giann_horns, layout_rooms, minmay_pentomino_o4
D:2:      layout_basic

Skill      XL: |  1  2  3 |
---------------+----------+-----
Long Blades    | 3 4 |  4.5
Fighting       | |  3.2
Armour         | |  2.1
Shields        | |  3.0

Action                   || total
-------------------------++-------
Melee: Long sword        ||   101
Armor: Scale mail        ||    26
       Chain mail        ||    18
Dodge: Dodged            ||    45
Block: Buckler           ||    27
